 Dungeon Crawl Stone Soup version 0.18.1-48-g4cf74bf (webtiles) character file.

951 Alarkh the Archer (level 7, -2/50 HPs)
             Began as a Mummy Hunter on Aug 12, 2016.
             Was an Initiate of Gozag.
             Slain by a wight
             ... wielding a +3 trident
              (9 damage)
             ... on level 6 of the Dungeon.
             The game lasted 00:12:12 (4753 turns).

Alarkh the Archer (Mummy Hunter)                    Turns: 4753, Time: 00:12:13

Health: -2/50      AC:  9    Str: 16    XL:     7   Next: 90%
Magic:  0/7        EV: 11    Int: 12    God:    Gozag
Gold:   840        SH:  0    Dex: 12    Spells: 0 memorised, 6 levels left

rFire  . . .     SeeInvis .     x - -2 short sword (curse)
rCold  + . .     Gourm    .     h - +0 leather armour (curse)
rNeg   + + +     Faith    .     (no shield)
rPois  ∞         Spirit   +     (no helmet)
rElec  .         Dismiss  .     (no cloak)
rCorr  .         Reflect  .     g - +0 pair of gloves (curse)
SustAt .         Harm     .     o - +0 pair of boots
MR     .....                    f - amulet of guardian spirit
Stlth  +.........               j - ring of protection from fire
                                m - +4 ring of protection

@: not resistant to hostile enchantments, very unstealthy
A: no food or potions, fire vulnerability, cold resistance 1, negative energy
resistance 3, torment resistance, unbreathing
a: Potion Petition, Call Merchant, Bribe Branch, Renounce Religion


You were on level 6 of the Dungeon.
You worshipped Gozag.
Gozag was noncommittal.
You were not hungry.

You visited 2 branches of the dungeon, and saw 9 of its levels.

You collected 850 gold pieces.
You paid 10 gold pieces to Gozag.

Inventory:

Hand Weapons
 a - a +2 shortbow
 b - a +0 short sword
 l - a +1 hand axe of chopping
 x - a cursed -2 short sword (weapon)
Missiles
 d - 37 arrows
Armour
 c - a +0 leather armour
 e - a +2 robe
 g - a cursed +0 pair of gloves (worn)
 h - a cursed +0 leather armour (worn)
 n - a +3 leather armour
 o - a +0 pair of boots (worn)
 t - a cursed +0 pair of gloves
Jewellery
 f - an amulet of guardian spirit (around neck)
 i - an uncursed ring of resist corrosion
 j - a ring of protection from fire (right hand)
 m - a +4 ring of protection (left hand)
 v - an uncursed ring of protection from cold
Scrolls
 k - a scroll of fog


   Skills:
 - Level 2.0 Fighting
 + Level 8.3 Bows
 - Level 1.5 Dodging
 - Level 0.7 Stealth


You had 6 spell levels left.
You didn't know any spells.

Dungeon Overview and Level Annotations

Branches:
Dungeon (8/15)             Temple (1/1) D:4
   Lair: D:8-11

Altars:
Dithmenos
Elyvilon
Fedhas
Gozag
Nemelex Xobeh
Okawaru
Pakellas
Qazlal
Trog
Vehumet
Yredelemnul
Zin
The Shining One

Shops:
D:4 [

Annotations:
D:3 1 exclusion
D:5 Mizofix's ghost, weakling VSFi


Innate Abilities, Weirdness & Mutations

You do not eat or drink.
Your flesh is vulnerable to fire.
You are immune to poison.
Your flesh is cold resistant.
You are immune to negative energy.
You are immune to unholy pain and torment.
You can survive without breathing.


Message History

Alarkh's illusion hits the wight.
You hit the wight.
The wight is almost destroyed.
The wight misses you.
Alarkh's illusion barely misses the wight.
You completely miss the wight.
The wight is severely damaged.
The wight hits you with an enchanted trident.
* * * LOW HITPOINT WARNING * * *
Alarkh's illusion barely misses the wight.
You closely miss the wight.
The wight is severely damaged.
The wight hits you with an enchanted trident.
* * * LOW HITPOINT WARNING * * *
Alarkh's illusion hits the wight but does no damage.
You closely miss the wight.
The wight is severely damaged.
The wight hits you with an enchanted trident!
You die...
Your body crumbles into a pile of gold.

##... #... #..# #..# # ##..# #
### #####.############...####..
#.. .........$@................
#.#######.###z..[###....###
.....# #.# #.@..# #.##.#######
#.##.# #!# #....# #.##........
#.##.# #.# #....# #(.)[.......
###.##.####.###...(#######.......
...>z.........'..................
......a..######....####)#.......)
.........'.........# #.#........
.........#####.########.#........
#.#+######.....# #....#........


You could see a wight and the friendly Alarkh's illusion.

Vanquished Creatures
  Sigmund (D:4)
  A phantom (D:4)
  A centaur (D:6)
  A giant frog skeleton (D:4)
  An orc wizard (D:3)
  Ijyb (D:2)
  3 worker ants
  A hound zombie (D:5)
  A hound skeleton (D:6)
  4 gnolls
  7 adders
  2 shadow imps
  An ooze (D:3)
  An adder skeleton (D:4)
  2 worms
  A dart slug (D:3)
  5 giant geckos
  14 orcs
  5 bats
  5 giant cockroaches
  10 goblins
  3 hobgoblins (D:2)
  4 jackals (D:4)
  7 kobolds
  5 quokkas
  A giant gecko skeleton (D:3)
  9 giant newts
  A quokka skeleton (D:5)
  7 rats
105 creatures vanquished.

Vanquished Creatures (collateral kills)
  An ogre (D:6)
  A necrophage (D:6)
  3 wights (D:6)
  A howler monkey (D:6)
  An orc wizard (D:6)
  An adder (D:6)
  2 orcs (D:6)
10 creatures vanquished.

Grand Total: 115 creatures vanquished

Notes
Turn   | Place    | Note
--------------------------------------------------------------
     0 | D:1      | Alarkh the Mummy Hunter began the quest for the Orb.
     0 | D:1      | Reached XP level 1. HP: 16/16 MP: 1/1
   145 | D:1      | Reached XP level 2. HP: 22/22 MP: 2/2
   236 | D:1      | Reached skill level 4 in Bows
   596 | D:2      | Found an opulent altar of Gozag.
   615 | D:2      | HP: 1/22 [adder (3)]
   617 | D:2      | Reached XP level 3. HP: 1/27 MP: 0/3
   928 | D:2      | Became a worshipper of Gozag Ym Sagoz the Greedy
  1335 | D:2      | Found an oddly glowing altar of Pakellas.
  1444 | D:2      | Noticed Ijyb
  1473 | D:2      | Reached XP level 4. HP: 29/33 MP: 4/4
  1508 | D:2      | Killed Ijyb
  1645 | D:3      | Reached skill level 5 in Bows
  1650 | D:3      | Found a glowing golden altar of the Shining One.
  1880 | D:3      | Reached XP level 5. HP: 18/38 MP: 2/5
  1992 | D:3      | Found a glowing silver altar of Zin.
  2240 | D:3      | Found a sparkling altar of Nemelex Xobeh.
  2674 | D:4      | Found a blossoming altar of Fedhas.
  2677 | D:4      | Found a stormy altar of Qazlal.
  2693 | D:4      | Found a staircase to the Ecumenical Temple.
  2777 | D:4      | Reached skill level 6 in Bows
  2848 | D:4      | Reached XP level 6. HP: 44/44 MP: 6/6
  3219 | D:4      | Noticed Sigmund
  3234 | D:4      | Killed Sigmund
  3234 | D:4      | Reached skill level 7 in Bows
  3234 | D:4      | Reached XP level 7. HP: 37/50 MP: 5/7
  3282 | D:4      | Found Qaukhlimm's Antique Armour Boutique.
  3461 | D:5      | Entered Level 5 of the Dungeon
  3461 | D:5      | Noticed Mizofix's ghost (weakling VSFi)
  3492 | Temple   | Entered the Ecumenical Temple
  4289 | D:7      | Found a sparkling altar of Nemelex Xobeh.
  4553 | D:6      | Noticed a vampire mosquito
  4565 | D:6      | Reached skill level 8 in Bows
  4753 | D:6      | Slain by a wight

Skill      XL: |  1  2  3  4  5  6  7 |
---------------+----------------------+-----
Bows           | 4 5 6 7 8 |  8.3
Fighting       | |  2.0
Dodging        | |  1.5
Stealth        | |  0.7

Action                   |  1- 3 |  4- 6 |  7- 9 || total
-------------------------+-------+-------+-------++-------
Melee: Short sword       |    78 |   142 |   225 ||   445
 Fire: Shortbow          |    56 |   116 |    27 ||   199
Evoke: Deck              |       |       |     6 ||     6
  Use: Scroll            |       |       |     9 ||     9
 Stab: Sleeping          |       |     1 |     1 ||     2
       Distracted        |       |     1 |       ||     1
Armor: Leather armour    |    33 |    63 |   116 ||   212
Dodge: Dodged            |    62 |    84 |   159 ||   305
